 Dungeon Crawl Stone Soup version 0.25-a0-578-gc91f01c (webtiles) character file.

Game seed: 2754790307913795594, levelgen mode: deterministic

521942 Anathematize the Slayer (level 24, -1/208 HPs)
             Began as a Demonspawn Skald on Mar 2, 2020.
             Was the Champion of Vehumet.
             Slain by a vault warden
             ... wielding a +2 glaive of venom
              (7 damage)
             ... on level 5 of the Vaults on Mar 3, 2020.
             The game lasted 07:01:33 (105321 turns).

Anathematize the Slayer (Demonspawn Skald)        Turns: 105321, Time: 07:01:33

Health: -1/208     AC: 34    Str: 11    XL:     24   Next: 67%
Magic:  38/38      EV: 16    Int: 29    God:    Vehumet [******]
Gold:   4688       SH: 18    Dex: 14    Spells: 2/46 levels left

rFire    . . .     SeeInvis +     - Unarmed
rCold    + . .     Gourm    .   K - +5 kite shield {rN+}
rNeg     + + .     Faith    .   z - +5 steam dragon scales
rPois    .         Spirit   .   p - +2 hood of the Assassin {Detection Stab+ Stlth++}
rElec    +         Reflect  .   N - +2 cloak
rCorr    .         Harm     .   (gloves unavailable)
MR       +++..                  S - +2 pair of boots {Fly}
Stlth    +++++++...             Z - amulet of the Ban {rElec MR+ Regen+ Int+3 Stlth+}
HPRegen  0.84/turn              Y - ring of see invisible
MPRegen  0.26/turn              R - ring of protection from magic

@: flying
A: claws 3, iridescent scales 3, clever 1, cold resistance 1, icemail, negative
energy resistance 1, powered by death 2, weak 1, freezing cloud immunity
}: 2/15 runes: barnacled, gossamer
a: Renounce Religion, Stop Flying


You were on level 5 of the Vaults.
You worshipped Vehumet.
Vehumet was exalted by your worship.
You were not hungry.

You visited 10 branches of the dungeon, and saw 48 of its levels.
You visited the Abyss 1 time.
You also visited: Trove, Ossuary, Ice Cave and Volcano.

You collected 7466 gold pieces.
You spent 2778 gold pieces at shops.

Inventory:

Hand Weapons
 B - the +12 Vampire's Tooth {vamp}
   (You took it off a deep elf annihilator on level 3 of the Elven Halls)

   It inflicts no extra harm, but heals its wielder when it wounds a living foe.
 Q - the +8 trident of the Octopus King {venom, rElec rPois MR+}
   (You took it off a deep elf sorcerer on level 3 of the Elven Halls)

   It poisons the flesh of those it strikes.
   It insulates you from electricity.
   It protects you from poison.
   It affects your resistance to hostile enchantments.
Armour
 p - the +2 hood of the Assassin (worn) {Detection Stab+ Stlth++}
   (You acquired it on level 8 of the Dungeon)

   It makes you much more stealthy.
   If you remove this armour, your AC will decrease by 2 (34 -> 32).
 z - +5 steam dragon scales (worn)
 K - a +5 kite shield of positive energy (worn)
 N - a +2 cloak (worn)
 S - a +2 pair of boots of flying (worn)
Jewellery
 a - the ring "Irilienutz" {rN+ Str+2 Int+3}
   (You found it on level 3 of the Depths)

   [ring of positive energy]

   It affects your strength (+2).
   It affects your intelligence (+3).
   It protects you from negative energy.
 q - the amulet "Lyor" {Spirit rC+}
   (You found it on level 8 of the Dungeon)

   [amulet of guardian spirit]

   It causes incoming damage to be split between your health and magic.
   It protects you from cold.
 s - an uncursed ring of protection from cold
 u - an uncursed ring of resist corrosion
 v - an uncursed ring of protection from magic
 w - the amulet of the Air {Inacc +Fly rElec EV+5 RMsl}
   (You found it on level 3 of the Elven Halls)

   [amulet of inaccuracy]

   It reduces the accuracy of all your attacks.
   It affects your evasion (+5).
   It insulates you from electricity.
   It lets you fly.
   It protects you from missiles.
 y - an uncursed ring of protection from fire
 D - an uncursed ring of wizardry
 E - the amulet of Mesynepn {rF++ rC+ Regen+ SInv}
   (You took it off a vampire on level 3 of the Crypt)

   [amulet of regeneration]

   It greatly protects you from fire.
   It protects you from cold.
   It lets you see invisible.
   It increases your rate of regeneration.
 H - the ring "Epsij" {+Fly Str+3}
   (You took it off a deep elf sorcerer on level 3 of the Elven Halls)

   [ring of flight]

   It affects your strength (+3).
   It lets you fly.
 J - an uncursed ring of poison resistance
 R - a ring of protection from magic (right claw)
 Y - a ring of see invisible (left claw)
 Z - the amulet of the Ban (around neck) {rElec MR+ Regen+ Int+3 Stlth+}
   (You acquired it on level 3 of the Elven Halls)

   [amulet of regeneration]

   It affects your intelligence (+3).
   It insulates you from electricity.
   It affects your resistance to hostile enchantments.
   It increases your rate of regeneration.
   It makes you more stealthy.
Wands
 g - a wand of acid (25)
 r - a wand of digging (10)
 x - a wand of iceblast (55)
Scrolls
 c - 9 scrolls of magic mapping
 e - 5 scrolls of noise
 i - 27 scrolls of remove curse
 o - 23 scrolls of identify
 t - a scroll of enchant armour
 C - 9 scrolls of teleportation
 L - 6 scrolls of immolation
 M - 11 scrolls of fog
 P - 3 scrolls of fear
 T - a scroll of amnesia
 W - 2 scrolls of silence
 X - a scroll of torment
Potions
 b - 4 potions of ambrosia
 f - 5 potions of cancellation
 h - 12 potions of stabbing
 j - 2 potions of haste
 k - 11 potions of curing
 l - 10 potions of brilliance
 m - 6 potions of lignification
 A - 5 potions of might
 G - 3 potions of magic
 I - 4 potions of berserk rage
 O - 2 potions of resistance
 U - 6 potions of mutation
Comestibles
 d - 41 rations


   Skills:
 - Level 21.0 Fighting
 - Level 3.5 Polearms
 - Level 0.8 Armour
 + Level 7.5 Dodging
 - Level 10.0 Stealth
 - Level 15.0 Shields
 - Level 18.0 Unarmed Combat
 + Level 11.9 Spellcasting
 - Level 15.0 Conjurations
 - Level 10.0 Hexes
 - Level 6.1 Charms
 - Level 10.0 Summonings
 * Level 11.6 Necromancy
 + Level 7.0 Transmutations
 - Level 5.0 Air Magic
   Level 5.0 Earth Magic


You had 2 spell levels left.
You knew the following spells:

 Your Spells              Type           Power        Failure   Level  Hunger
c - Ozocubu's Armour      Chrm/Ice       #####...     2%          3    None
d - Tukima's Dance        Hex            ######..     1%          3    None
i - Silence               Hex/Air        ######....   3%          5    ##.....
n - Necromutation         Tmut/Necr      ######....   99%         8    #######
o - Orb of Destruction    Conj           #######...   1%          7    ######.
s - Spellforged Servitor  Conj/Summ      ######....   4%          7    ######.
t - Confusing Touch       Hex            ######..     1%          3    None
v - Invisibility          Hex            ######..     8%          6    #####..
w - Swiftness             Chrm/Air       #####...     1%          2    None

Your spell library contained the following spells:

 Spells                   Type           Power        Failure   Level  Hunger
 Chain Lightning          Conj/Air       ######....   58%         8    #######
 Ignition                 Fire           ###.......   100%        8    #######
 Glaciate                 Conj/Ice       ######....   100%        9    #######
 Magic Dart               Conj           ####         0%          1    None
 Searing Ray              Conj           ######       0%          2    None
 Animate Skeleton         Necr           N/A          1%          1    None
 Beastly Appendage        Tmut           ######       1%          1    None
 Corona                   Hex            ######.      1%          1    None
 Infusion                 Chrm           ####         1%          1    None
 Pain                     Necr           ####         1%          1    None
 Sandblast                Erth           #####.       1%          1    None
 Shock                    Conj/Air       ####         1%          1    None
 Sting                    Tmut/Pois      ####         1%          1    None
 Summon Butterflies       Summ           ######..     1%          1    None
 Summon Small Mammal      Summ           ####         1%          1    None
 Call Imp                 Summ           ######..     1%          2    None
 Corpse Rot               Necr/Air       N/A          1%          2    None
 Ensorcelled Hibernation  Hex/Ice        #####.       1%          2    None
 Passwall                 Tmut/Erth      ######..     1%          2    None
 Poisonous Vapours        Pois/Air       ####..       1%          2    None
 Shroud of Golubria       Chrm/Tloc      #####.       1%          2    None
 Slow                     Hex            ######..     1%          2    None
 Song of Slaying          Chrm           ######..     1%          2    None
 Sticks to Snakes         Tmut           ######..     1%          2    None
 Sublimation of Blood     Necr           ######....   1%          2    None
 Blink                    Tloc           N/A          4%          2    None
 Call Canine Familiar     Summ           ######..     1%          3    None
 Conjure Flame            Conj/Fire      ######..     1%          3    None
 Dazzling Flash           Conj/Hex       ######       1%          3    None
 Inner Flame              Hex/Fire       #####...     1%          3    None
 Mephitic Cloud           Conj/Pois/Air  ######..     1%          3    None
 Portal Projectile        Hex/Tloc       #####.       1%          3    None
 Recall                   Summ/Tloc      N/A          1%          3    None
 Spectral Weapon          Hex/Chrm       ######..     1%          3    None
 Static Discharge         Conj/Air       ######..     1%          3    None
 Stone Arrow              Conj/Erth      ######       1%          3    None
 Summon Guardian Golem    Hex/Summ       ######..     1%          3    None
 Animate Dead             Necr           N/A          1%          4    None
 Cause Fear               Hex            ######....   1%          4    None
 Dispel Undead            Necr           ######..     1%          4    None
 Fulminant Prism          Conj/Hex       ######....   1%          4    None
 Iskenderun's Mystic Bla  Conj/Tloc      ######..     1%          4    None
 Leda's Liquefaction      Hex/Erth       ######....   1%          4    None
 Summon Lightning Spire   Summ/Air       ######..     1%          4    None
 Agony                    Necr           ######..     1%          5    ##.....
 Aura of Abjuration       Summ           ######....   1%          5    ##.....
 Bolt of Magma            Conj/Fire/Erth ######....   1%          5    ##.....
 Irradiate                Conj/Tmut      ######....   1%          5    ##.....
 Lightning Bolt           Conj/Air       ######....   1%          5    ##.....
 Summon Demon             Summ           ######....   1%          5    ##.....
 Summon Mana Viper        Hex/Summ       ######..     1%          5    ##.....
 Yara's Violent Unravell  Hex/Tmut       ######....   1%          5    ##.....
 Spider Form              Tmut/Pois      #####.....   2%          3    None
 Petrify                  Tmut/Erth      ######..     2%          4    None
 Borgnjor's Vile Clutch   Necr/Erth      ######....   2%          5    ##.....
 Excruciating Wounds      Chrm/Necr      ######....   2%          5    ##.....
 Conjure Ball Lightning   Conj/Air       ######....   2%          6    #####..
 Iron Shot                Conj/Erth      ######....   2%          6    #####..
 Lee's Rapid Deconstruct  Erth           #####.....   3%          5    ##.....
 Summon Ice Beast         Ice/Summ       #####...     4%          4    None
 Blade Hands              Tmut           ######....   4%          5    ##.....
 Death Channel            Necr           ######....   4%          6    #####..
 Ice Form                 Ice/Tmut       #####...     7%          4    None
 Darkness                 Hex            ######....   8%          6    #####..
 Shadow Creatures         Summ           N/A          8%          6    #####..
 Freezing Cloud           Conj/Ice/Air   ######....   9%          6    #####..
 Gell's Gravitas          Tloc           ###.......   10%         3    None
 Lesser Beckoning         Tloc           ###.......   10%         3    None
 Teleport Other           Tloc           ###.....     10%         3    None
 Metabolic Englaciation   Hex/Ice        #####.....   11%         5    ##.....
 Summon Forest            Summ/Tloc      #####.....   11%         5    ##.....
 Passage of Golubria      Tloc           N/A          30%         4    None
 Haunt                    Necr/Summ      ######....   30%         7    ######.
 Statue Form              Tmut/Erth      ######...    36%         6    #####..
 Simulacrum               Ice/Necr       ######....   41%         6    #####..
 Summon Hydra             Summ           ######....   41%         7    ######.
 Deflect Missiles         Chrm/Air       #####.....   43%         6    #####..
 Borgnjor's Revivificati  Necr           ######....   86%         8    #######
 Infestation              Necr           ######....   86%         8    #######
 Discord                  Hex            ######....   98%         8    #######
 Dispersal                Tloc           ###.......   99%         6    #####..
 Death's Door             Chrm/Necr      ######....   99%         8    #######
 Ring of Flames           Chrm/Fire      #####.....   100%        7    ######.
 Controlled Blink         Tloc           N/A          100%        8    #######
 Disjunction              Tloc           ###.......   100%        8    #######
 Shatter                  Erth           #####.....   100%        9    #######
 Tornado                  Air            #####.....   100%        9    #######


Dungeon Overview and Level Annotations

Branches:
Dungeon (15/15)            Temple (1/1) D:7            Lair (6/6) D:11
 Shoals (4/4) Lair:2       Spider (4/4) Lair:3        Slime (0/5) Lair:6
    Orc (2/2) D:12            Elf (3/3) Orc:2        Vaults (5/5) D:14
  Crypt (3/3) Vaults:2       Tomb (0/3) Crypt:3      Depths (5/5) D:15
    Zot (0/5) Depths:5    Ossuary (visited)           IceCv (visited)
Volcano (visited)

Altars:
Ashenzari
Cheibriados
Dithmenos
Elyvilon
Fedhas
Gozag
Hepliaklqana
Kikubaaqudgha
Makhleb
Nemelex Xobeh
Okawaru
Qazlal
Ru
Sif Muna
Trog
Uskayaw
Vehumet
Wu Jian
Xom
Yredelemnul
Zin
The Shining One
Beogh

Shops:
D:7 **:   D:8 =   Orc:1 *   Orc:2 [=??   Elf:1 }   Depths:4 =}=   Depths:5 *}

Portals:
Hell: Depths:1 Depths:2 Depths:3 Depths:4 Depths:5
Abyss: Depths:4 Depths:5
Pandemonium: Depths:2 Depths:3
Ziggurat: Depths:2

Annotations:
D:8 1 runed translucent door, exclusion: door
D:10 exclusion: downstairs
D:11 Snorg
Lair:2 exclusions: downstairs and oklob plant
Lair:5 1 runed translucent door
Shoals:2 exclusion: downstairs
Shoals:3 exclusions: downstairs and 1 more exclusion
Shoals:4 1 exclusion
Elf:2 3 runed translucent doors
Crypt:1 3 runed translucent doors, exclusion: 3 doors, Zoalos's ghost, veteran GrEE
Crypt:2 exclusion: 2 sensed monsters (detected), Boris
Crypt:3 1 exclusion


Innate Abilities, Weirdness & Mutations

You have claws for hands.
You are completely covered in iridescent scales. (AC +6)
Your flesh is cold resistant. (rC+)
A meltable icy envelope protects you from harm. (AC +10)
You resist negative energy. (rN+)
You regenerate health from kills.
You are immune to freezing clouds.
Your mind is acute. (Int +2)
You are weak. (Str -2)


Message History

Your spellforged servitor is destroyed!
The vault guard hits you with a +0 broad axe!
* * * LOW HITPOINT WARNING * * *
The vault warden shouts!
You bump into the heavily etched crystal wall.
The stone giant misses you.
The vault guard hits you but does no damage.
You feel much better.
You feel sick. The stone giant hits you!!
* * * LOW HITPOINT WARNING * * *
The stone giant hits you!!
* * * LOW HITPOINT WARNING * * *
The vault warden hits you from afar with a +2 glaive of venom!!
* * * LOW HITPOINT WARNING * * *
You are more poisoned.
You feel better.
You feel less invigorated. You block the stone giant's attack.
The stone giant hits you!
* * * LOW HITPOINT WARNING * * *
You block the vault guard's attack.
The vault warden hits you from afar with a +2 glaive of venom!
You die...

#..# #..#
#..# #..#
#..# {
#..# #..#
#@C# #pC#
#pc# #..#
#c.#
.....H#c.#
..D..#..#
....#..#
...#..#


You could see 2 stone giants, a vault warden, a vault guard and 3 yaktaurs.

Vanquished Creatures
  Khufu (Crypt:2)
  4 juggernauts
  Mara (Shoals:3)
  A greater mummy (Crypt:3)
  Sojobo (Crypt:3)
  2 caustic shrikes (Depths:3)
  2 golden dragons
  A bone dragon (Depths:5)
  Jory (Crypt:3)
  Arachne (Spider:1)
  2 shard shrike zombies (Crypt:1)
  2 tentacled monstrosities
  6 liches
  2 deep elf master archers (Elf:3)
  Asterion (Vaults:1)
  Gastronok (Lair:1)
  2 deep elf blademasters
  Frances (D:12)
  2 krakens
  6 sphinxes
  Agnes (Spider:4)
  6 tengu reavers
  9 ancient champions
  A revenant (Crypt:3)
  Roxanne (Shoals:4)
  8 fire giants
  Ilsuiw (Shoals:2)
  Donald (Vaults:1)
  3 frost giants
  9 deep elf sorcerers
  5 vault wardens
  Aizul (Shoals:1)
  A draconian knight (Depths:5)
  2 emperor scorpions
  2 iron dragons
  2 ghost moths (Spider:4)
  4 deep elf elementalists
  3 spriggan defenders
  2 balrugs
  7 ghouls
  Louise (Spider:2)
  5 very ugly things
  A reaper (Depths:2)
  3 deep elf demonologists
  A caustic shrike skeleton (Crypt:1)
  11 ironheart preservers
  4 entropy weavers
  A starcursed mass (Abyss:1)
  A green draconian (Depths:5)
  2 black draconians
  10 vampire knights
  12 stone giants
  8 deep elf annihilators
  A lorocyproca (Depths:3)
  A red draconian (Volcano)
  7 spark wasps
  2 white draconians (Depths:5)
  2 yellow draconians
  7 merfolk javelineers
  2 blizzard demons (Depths:3)
  4 ettins
  7 merfolk impalers
  Josephine (D:12)
  A deep elf high priest (Elf:3)
  9 deep elf death magi
  8 fire dragons
  9 yaktaur captains
  6 ice dragons
  5 great orbs of eyes
  8 ogre magi
  9 jiangshi
  A mummy priest (Crypt:3)
  A spriggan air mage (Depths:5)
  3 rakshasas
  3 vault guards
  4 hydras
  3 catoblepae (Lair:6)
  9 centaur warriors
  4 merfolk avatars
  13 dancing weapons
  22 two-headed ogres
  A death knight (Crypt:1)
  2 alligator snapping turtles
  9 vampire magi
  7 merfolk aquamancers
  A satyr (Shoals:2)
  A spriggan berserker (Depths:4)
  8 death yaks
  8 tengu warriors
  A titan zombie (Crypt:3)
  8 deep troll shamans
  4 orc high priests
  10 deep troll earth magi
  A thrashing horror (Abyss:1)
  16 deep elf knights
  Urug (Lair:3)
  A soul eater (Depths:2)
  7 shadow wraiths
  8 hell knights
  2 sixfirhies
  3 iron trolls
  A titan skeleton (Crypt:3)
  20 deep trolls
  10 sea snakes
  24 skeletal warriors
  2 glowing orange brains
  3 flayed ghosts
  2 spriggan druids
  18 deep elf archers
  6 unseen horrors
  A wizard (Vaults:3)
  10 ironbrand convokers
  17 harpies
  21 orb spiders
  5 necromancers
  A phantasmal warrior (Crypt:3)
  54 ugly things
  66 deep elf magi
  11 orc knights
  2 iron dragon zombies
  2 fire giant zombies (Crypt:3)
  A mana viper (shapeshifter) (Elf:1)
  3 oklob plants (Lair:4)
  10 fauns
  3 salamanders (Volcano)
  16 manticores
  7 orc sorcerers
  15 wolf spiders
  A shining eye (shapeshifter) (D:11)
  10 cyclopes
  2 sphinx skeletons (Vaults:2)
  Joseph (Lair:1)
  5 black mambas
  A frost giant skeleton (Crypt:1)
  5 elephants
  A black mamba (shapeshifter) (Vaults:1)
  7 moths of wrath
  An apocalypse crab (Abyss:1)
  11 merfolk sirens
  An orange demon (Depths:3)
  An iron dragon skeleton (Crypt:3)
  2 stone giant skeletons
  7 centaur skeletons
  14 spiny frogs
  6 torpor snails
  11 vault sentinels
  10 water nymphs
  A white draconian zombie (Crypt:2)
  Maggie (D:6)
  A gargoyle (D:15)
  2 ice statues (IceCv)
  2 orc skeletons (Vaults:2)
  2 hellions (Depths:3)
  A rime drake (Lair:1)
  14 demonic crawlers
  5 komodo dragons
  3 freezing wraiths
  8 guardian mummies (Crypt:3)
  A green draconian skeleton (Crypt:3)
  39 yaktaurs
  An ancient zyme (Abyss:1)
  3 hellwings
  19 polar bears
  A yaktaur skeleton (Vaults:2)
  23 merfolk
  A tengu conjurer (Depths:1)
  A queen bee (Lair:1)
  18 jumping spiders
  2 raiju (Abyss:1)
  13 trolls
  A hornet (shapeshifter) (Depths:1)
  10 wind drakes
  2 tyrant leeches (Lair:6)
  10 hornets
  A raiju (shapeshifter) (D:15)
  A hydra skeleton (Crypt:2)
  A jumping spider zombie (Crypt:3)
  An ettin zombie (Crypt:2)
  15 dream sheep
  10 snapping turtles
  28 slime creatures
  Grinder (D:6)
  8 blink frogs
  A bog body (Crypt:1)
  18 hippogriffs
  A stone giant simulacrum (Vaults:2)
  Sigmund (D:6)
  50 redbacks
  8 shadows
  34 tarantellas
  6 vampires (Crypt:3)
  8 spriggans
  2 fire dragon skeletons (Crypt:3)
  2 ettin skeletons (Vaults:2)
  A black mamba zombie (Crypt:3)
  5 air elementals
  A ynoxinul (Abyss:1)
  30 water elementals
  A wind drake zombie (Crypt:2)
  9 humans
  6 wraiths
  A wyvern (D:11)
  64 yaks
  Eustachio (D:6)
  A black mamba skeleton (Crypt:1)
  A hog (shapeshifter) (Vaults:4)
  A human (shapeshifter) (Depths:1)
  5 small abominations
  2 basilisks
  3 hungry ghosts
  4 chaos spawn (Depths:5)
  5 fire elementals
  8 vampire mosquitoes (D:15)
  6 wargs
  A merfolk zombie (Crypt:1)
  3 swamp worms (Lair:6)
  An acid dragon (D:15)
  A two-headed ogre zombie (Crypt:3)
  4 large abominations
  A naga (shapeshifter) (Depths:4)
  A spiny frog zombie (Crypt:1)
  10 water moccasins
  A hydra simulacrum (Crypt:1)
  7 porcupines
  32 orc warriors
  4 sky beasts
  A snapping turtle zombie (Crypt:3)
  A black bear (shapeshifter) (Vaults:2)
  2 ice beasts
  A spiny frog skeleton (Crypt:3)
  2 black bears (D:8)
  2 manticore zombies (Crypt:3)
  33 centaurs
  2 eyes of draining
  3 necrophages
  31 wolves
  36 ogres
  5 boggarts
  10 crocodiles
  5 big kobolds
  15 bullfrogs
  A yaktaur zombie (Crypt:3)
  3 human skeletons (Vaults:2)
  A wyvern zombie (D:13)
  2 earth elementals
  A salamander skeleton (Crypt:2)
  A wyvern skeleton (D:12)
  5 scorpions
  A troll zombie (Crypt:1)
  25 killer bees
  A manticore simulacrum (Crypt:3)
  A raiju zombie (Crypt:2)
  8 wights
  A spriggan skeleton (Crypt:1)
  3 electric eels
  7 crimson imps
  A bullfrog zombie (D:5)
  6 centaur zombies
  12 hounds
  3 quasits
  2 iron imps
  A human zombie (Ossuary)
  29 orc wizards
  17 orc priests
  Ijyb (D:5)
  2 jellies
  2 bullfrog skeletons
  A gnoll shaman (D:9)
  6 iguanas
  11 worker ants
  A big kobold zombie (Crypt:1)
  A felid zombie (Crypt:1)
  A naga zombie (Crypt:1)
  2 hound zombies
  A tengu skeleton (Crypt:3)
  2 hound skeletons
  8 mummies
  A worker ant zombie (D:10)
  5 gnolls (D:9)
  14 adders
  6 shadow imps
  6 white imps
  An ooze (D:5)
  An adder zombie (D:8)
  A lava snake zombie (Crypt:2)
  An adder skeleton (D:5)
  A dart slug (D:1)
  2 leopard geckos
  92 orcs
  5 giant cockroaches
  A gnoll zombie (Ossuary)
  5 goblins
  12 hobgoblins
  7 jackals
  24 kobolds
  5 quokkas
  A ball python (D:3)
  10 bats
  5 frilled lizards
  2 goblin zombies
  A hobgoblin zombie (Ossuary)
  A jackal skeleton (D:6)
  A jackal zombie (D:7)
  A kobold skeleton (D:5)
  A kobold zombie (Ossuary)
  An orc zombie (Ossuary)
  A quokka skeleton (D:6)
  10 rats
  A butterfly (Lair:4)
  7 plants
  5 tentacles
2009 creatures vanquished.

Vanquished Creatures (collateral kills)
  A curse toe (Crypt:3)
  Saint Roka (Depths:4)
  A golden dragon (Depths:4)
  A Brimstone Fiend (Depths:3)
  An Ice Fiend (Depths:3)
  A lich (Depths:2)
  A titan (Depths:3)
  An ancient champion (Crypt:1)
  A storm dragon (Depths:5)
  A tengu reaver (Depths:3)
  2 fire giants
  2 frost giants
  2 deep elf sorcerers
  2 vault wardens
  2 ghouls
  7 ironheart preservers
  4 very ugly things (Depths:4)
  A vampire knight (Crypt:1)
  2 stone giants
  A deep elf annihilator (Vaults:2)
  2 spark wasps (Depths:2)
  2 yellow draconians (Depths:5)
  2 fire dragons
  A blizzard demon (Depths:3)
  A quicksilver dragon zombie (Crypt:2)
  3 ettins
  A merfolk impaler (Shoals:2)
  2 jiangshi (Depths:1)
  A great orb of eyes (Depths:3)
  4 yaktaur captains
  A deep elf high priest (Depths:3)
  A vault guard (Vaults:2)
  A spriggan air mage (Depths:4)
  3 ice dragons
  2 death knights (Vaults:3)
  19 two-headed ogres
  8 ogre magi
  6 deep troll shamans
  A vampire mage (Crypt:1)
  A tengu warrior (Depths:4)
  5 deep troll earth magi
  4 spriggan berserkers
  2 deep elf knights
  12 spriggans (Depths:2)
  4 hell knights (Depths:3)
  3 iron trolls
  11 deep trolls
  2 sixfirhies (Depths:2)
  A flayed ghost (Depths:1)
  2 spriggan druids (Depths:2)
  A deep troll (shapeshifter) (Vaults:1)
  A wizard (Depths:4)
  2 deep elf archers
  A lindwurm (shapeshifter) (Depths:2)
  A shadow dragon skeleton (Crypt:2)
  A large abomination (Depths:5)
  An orc knight (Vaults:2)
  A necromancer (Crypt:1)
  3 deep elf magi
  17 ugly things
  A shining eye (shapeshifter) (Depths:3)
  An orc sorcerer (Vaults:3)
  A vault sentinel (Vaults:4)
  2 merfolk sirens
  A smoke demon (Depths:2)
  A titan simulacrum (Crypt:2)
  An ice devil (Depths:3)
  12 yaktaurs
  A queen bee (shapeshifter) (Vaults:4)
  3 merfolk
  A troll (Depths:4)
  2 hornets
  A bog body (Crypt:3)
  3 slime creatures (Vaults:3)
  A dancing weapon (Vaults:2)
  3 water elementals (Depths:1)
  A wraith (Crypt:1)
  A neqoxec (Depths:3)
  4 orc warriors
  10 ogres
  4 necrophages
  3 boggarts (Depths:2)
  A quasit (Depths:2)
  An orc wizard (Depths:4)
  2 white imps
  5 orcs
  2 bushes (Depths:2)
  A plant (Depths:4)
242 creatures vanquished.

Vanquished Creatures (others)
  A stone giant (Depths:3)
  A deep elf annihilator (Vaults:3)
  A blizzard demon (Depths:3)
  A shadow wraith (Vaults:4)
  A wolf spider (Spider:1)
  A necromancer (Crypt:3)
  A deep elf mage (Elf:2)
  Maurice (D:10)
  3 yaktaurs
  2 redbacks (Spider:4)
  A yak (Lair:6)
  42 dancing weapons
  2 humans
  2 crimson imps (Depths:3)
  A worker ant (D:13)
  A white imp (Depths:3)
  An ufetubus (Depths:2)
  An orc (D:6)
  29 bushes
  11 fulminant prisms
  25 fungi
  48 plants
  3 spectral weapons
  47 tentacles
227 creatures vanquished.

Grand Total: 2478 creatures vanquished

Notes
Turn   | Place    | Note
-------+----------+-------------------------------------------
     0 | D:1      | Anathematize the Demonspawn Skald began the quest for the
                  | Orb.
     0 | D:1      | Reached XP level 1. HP: 16/16 MP: 3/3
   406 | D:1      | Gained mutation: You regenerate a little health from kills.
                  | [demonic ancestry]
   406 | D:1      | Reached XP level 2. HP: 18/22 MP: 1/5
  1148 | D:2      | Gained mutation: Your flesh is cold resistant. (rC+)
                  | [demonic ancestry]
  1148 | D:2      | Reached XP level 3. HP: 28/28 MP: 2/6
  1216 | D:2      | Learned a level 3 spell: Spectral Weapon
  1419 | D:2      | Found a snail-covered altar of Cheibriados.
  1461 | D:2      | Gained mutation: You are immune to freezing clouds.
                  | [demonic ancestry]
  1461 | D:2      | Reached XP level 4. HP: 34/34 MP: 4/7
  1880 | D:3      | Reached skill level 1 in Hexes
  2164 | D:3      | Reached skill level 3 in Fighting
  2164 | D:3      | Gained mutation: You have sharp fingernails. [demonic
                  | ancestry]
  2164 | D:3      | Reached XP level 5. HP: 38/41 MP: 3/8
  2388 | D:3      | Found a shimmering altar of Xom.
  2685 | D:4      | Found a hide-covered altar of Uskayaw.
  2716 | D:4      | Noticed a +0 dagger
  2717 | D:4      | Noticed a -1 dagger
  2721 | D:4      | Noticed an ogre
  2735 | D:4      | Killed an ogre
  2735 | D:4      | Reached skill level 1 in Unarmed Combat
  2839 | D:4      | Found a sand-covered staircase.
  2888 | Ossuary  | Entered an ossuary
  2925 | Ossuary  | Reached XP level 6. HP: 21/47 MP: 9/9
  3718 | D:4      | Reached skill level 4 in Fighting
  3718 | D:4      | Reached XP level 7. HP: 43/54 MP: 6/10
  4402 | D:4      | Learned a level 3 spell: Ozocubu's Armour
  4405 | D:4      | Learned a level 2 spell: Song of Slaying
  4411 | D:5      | Entered Level 5 of the Dungeon
  4411 | D:5      | Noticed Ijyb
  4459 | D:5      | Killed Ijyb
  4884 | D:5      | Reached skill level 5 in Charms
  4884 | D:5      | Reached XP level 8. HP: 51/61 MP: 8/11
  4893 | D:5      | Reached skill level 5 in Fighting
  4893 | D:5      | Reached skill level 5 in Unarmed Combat
  5265 | D:5      | You fall into a shaft and drop 3 floors!
  6240 | D:7      | Found Cefif's General Store.
  6307 | D:6      | Noticed Sigmund
  6319 | D:6      | Killed Sigmund
  6402 | D:6      | Noticed a hornet
  6407 | D:6      | Noticed Grinder
  6421 | D:6      | Killed a hornet
  6421 | D:6      | Reached XP level 9. HP: 39/69 MP: 11/13
  6431 | D:6      | Killed Grinder
  6431 | D:6      | Reached skill level 6 in Fighting
  6808 | D:6      | Got a faintly glowing golden ring
  6930 | D:5      | Found a runed translucent door.
  6954 | D:5      | Found a basalt altar of Yredelemnul.
  7109 | D:5      | Learned a level 3 spell: Stone Arrow
  7198 | D:6      | Got an ancient leather armour
  7279 | D:6      | Identified the ring of Ceotuo {*Slow rPois Str+4 SInv
                  | Stlth-} (You found it on level 6 of the Dungeon)
  7300 | D:6      | Noticed Maggie
  7341 | D:6      | Gained mutation: You have large cloven feet. [potion of
                  | mutation]
  7341 | D:6      | Gained mutation: You occasionally shout uncontrollably at
                  | your foes. [potion of mutation]
  7341 | D:6      | Gained mutation: Your spells are a little harder to cast,
                  | but a little more powerful. [potion of mutation]
  7361 | D:6      | Killed Maggie
  7361 | D:6      | Reached skill level 1 in Conjurations
  7556 | D:6      | Noticed Eustachio
  7659 | D:6      | Killed Eustachio
  8248 | D:7      | Found a staircase to the Ecumenical Temple.
  8287 | Temple   | Entered the Ecumenical Temple
  8535 | D:7      | Found Gyboheg's Book Boutique.
  8645 | D:7      | Found a radiant altar of Vehumet.
  8746 | D:7      | Found Xouvekuu's General Store.
  8749 | D:7      | Bought 3 scrolls of identify for 90 gold pieces
  8757 | D:7      | You fall into a shaft and drop 2 floors!
  8771 | D:8      | Found a runed translucent door.
  9297 | D:7      | Became a worshipper of Vehumet
  9405 | D:8      | Noticed a kobold demonologist
  9406 | D:8      | Found the +9 sword of Zonguldrok {reap}
  9423 | D:8      | Identified a scroll of acquirement
  9423 | D:8      | Identified the Compendium of Frigorific Beguiling (You
                  | acquired it on level 8 of the Dungeon)
  9424 | D:8      | Found the +2 hood of the Assassin {Detection Stab+ Stlth++}
  9797 | D:8      | Got a clouded tin amulet
  9799 | D:8      | Identified Lehudib's Guide on Ashen Confrontation
  9806 | D:8      | Got a fine turquoise ring
  9826 | D:8      | Reached skill level 7 in Fighting
  9826 | D:8      | Gained mutation: You are partially covered in iridescent
                  | scales. (AC +2) [demonic ancestry]
  9826 | D:8      | Reached XP level 10. HP: 79/79 MP: 8/17
 10555 | D:8      | Found Yhiolela's Jewellery Shoppe.
 10662 | D:9      | Reached skill level 5 in Spellcasting
 10786 | D:9      | Reached * piety under Vehumet
 10786 | D:9      | Offered knowledge of Freeze by Vehumet.
 10982 | D:9      | Reached skill level 1 in Stealth
 11403 | D:9      | Found a hazy altar of Hepliaklqana.
 11871 | D:9      | Found an ancient bone altar of Kikubaaqudgha.
 11911 | D:9      | Identified the amulet "Lyor" {Spirit rC+} (You found it on
                  | level 8 of the Dungeon)
 12086 | D:10     | Entered Level 10 of the Dungeon
 12199 | D:10     | Reached skill level 5 in Conjurations
 12407 | D:10     | Reached skill level 1 in Earth Magic
 12792 | D:10     | Offered knowledge of Foxfire by Vehumet.
 12834 | D:10     | Reached ** piety under Vehumet
 13029 | D:10     | Reached skill level 8 in Fighting
 13201 | D:10     | Reached XP level 11. HP: 84/86 MP: 14/18
 13412 | D:11     | Noticed a two-headed ogre
 13514 | D:11     | Identified the ring "Gisurgha" {+Fly rF- EV+1 Str+7 Stlth+}
                  | (You found it on level 8 of the Dungeon)
 13580 | D:11     | Noticed Maurice
 13636 | D:10     | Killed Maurice
 13884 | D:11     | Noticed Snorg
 14229 | D:11     | Found a staircase to the Lair.
 14264 | D:11     | Noticed a skeletal warrior
 14607 | D:11     | Learned a level 3 spell: Confusing Touch
 14618 | D:11     | Offered knowledge of Inner Flame by Vehumet.
 14704 | D:11     | Noticed a skeletal warrior
 14705 | D:11     | Noticed a skeletal warrior
 14728 | D:11     | Noticed a skeletal warrior
 14755 | D:10     | Killed a skeletal warrior
 14755 | D:10     | Reached skill level 10 in Unarmed Combat
 14912 | D:11     | Killed a two-headed ogre
 15063 | D:11     | Killed a skeletal warrior
 15354 | D:11     | Killed a skeletal warrior
 15389 | Lair:1   | Entered Level 1 of the Lair of Beasts
 15443 | Lair:1   | Noticed Joseph
 15445 | Lair:1   | Noticed Gastronok
 15496 | Lair:1   | Killed Joseph
 16042 | Lair:2   | Reached *** piety under Vehumet
 16042 | Lair:2   | Reached skill level 5 in Earth Magic
 16693 | Lair:2   | Reached skill level 9 in Fighting
 16750 | Lair:2   | Reached skill level 5 in Stealth
 16901 | Lair:2   | Reached XP level 12. HP: 95/95 MP: 15/19
 17360 | Lair:2   | Found a staircase to the Shoals.
 17381 | Lair:2   | Offered knowledge of Frozen Ramparts by Vehumet.
 17854 | Lair:3   | Noticed Urug
 18341 | Lair:3   | Killed Urug
 18547 | Lair:3   | Found a hole to the Spider Nest.
 19575 | Lair:4   | Found a dark tunnel.
 19686 | Volcano  | Entered a volcano
 19751 | Volcano  | Noticed a red draconian
 19780 | Volcano  | Killed a red draconian
 19780 | Volcano  | Reached **** piety under Vehumet
 20307 | Lair:4   | Noticed a five-headed hydra
 20681 | Lair:4   | Killed a five-headed hydra
 20867 | Lair:4   | Noticed Sonja
 20868 | Lair:4   | Noticed Sonja
 20868 | Lair:4   | Sonja changed into Sonja the big kobold
 20869 | Lair:4   | Noticed Sonja
 20869 | Lair:4   | Sonja the big kobold changed into Sonja the spriggan
 21051 | Lair:1   | Reached skill level 10 in Fighting
 21092 | Lair:1   | Reached skill level 5 in Hexes
 21098 | Lair:1   | Offered knowledge of Ignite Poison by Vehumet.
 21812 | Lair:1   | Reached XP level 13. HP: 99/103 MP: 20/20
 22266 | D:11     | Noticed a stone giant
 22271 | D:11     | Killed a stone giant
 22295 | D:11     | Gained mutation: You sometimes yell uncontrollably at your
                  | foes. [a shining eye]
 22610 | D:11     | Reached ***** piety under Vehumet
 22628 | D:11     | Offered knowledge of Starburst by Vehumet.
 23436 | D:12     | Found a shadowy altar of Dithmenos.
 23445 | D:12     | Noticed Frances
 23458 | D:12     | Killed Frances
 24206 | D:12     | Found a staircase to the Orcish Mines.
 24790 | Orc:1    | Entered Level 1 of the Orcish Mines
 25215 | Orc:1    | Noticed Josephine
 25236 | D:12     | Killed Josephine
 25462 | Orc:2    | Entered Level 2 of the Orcish Mines
 25462 | Orc:2    | Found a staircase to the Elven Halls.
 26824 | Orc:1    | Reached skill level 11 in Fighting
 27008 | Orc:1    | Found Get Waekhu's Assorted Antiques.
 27011 | Orc:1    | Found a roughly hewn altar of Beogh.
 27015 | Orc:1    | Bought a scroll of identify for 46 gold pieces
 27048 | Orc:1    | Offered knowledge of Lightning Bolt by Vehumet.
 27629 | Orc:2    | Learned a level 3 spell: Tukima's Dance
 28697 | Orc:2    | Found Puddog's Magic Scroll Shop.
 28697 | Orc:2    | Found Minom's Armour Emporium.
 28701 | Orc:2    | Found Bapykov's Magic Scroll Shop.
 28701 | Orc:2    | Found Meppil's Jewellery Emporium.
 28707 | Orc:2    | Gained mutation: You have very sharp fingernails. [demonic
                  | ancestry]
 28707 | Orc:2    | Reached XP level 14. HP: 113/113 MP: 21/21
 28721 | Orc:2    | Bought a +0 kite shield for 63 gold pieces
 28726 | Orc:2    | Bought a scroll of acquirement for 624 gold pieces
 28728 | Orc:2    | Bought a scroll of acquirement for 676 gold pieces
 28738 | Orc:2    | Identified the Disquisition on the Oath and the Frostbite
                  | (You acquired it on level 2 of the Orcish Mines)
 28741 | Orc:2    | Bought a scroll of identify for 26 gold pieces
 28741 | Orc:2    | Bought 3 scrolls of fog for 78 gold pieces
 28741 | Orc:2    | Bought a scroll of teleportation for 39 gold pieces
 28747 | Orc:2    | Bought a scroll of identify for 24 gold pieces
 28747 | Orc:2    | Bought a scroll of identify for 24 gold pieces
 28755 | Orc:2    | Bought a scroll of fog for 24 gold pieces
 28755 | Orc:2    | Bought a scroll of teleportation for 36 gold pieces
 28755 | Orc:2    | Bought a scroll of teleportation for 36 gold pieces
 28755 | Orc:2    | Bought a scroll of teleportation for 36 gold pieces
 28755 | Orc:2    | Bought a scroll of teleportation for 36 gold pieces
 28755 | Orc:2    | Bought a scroll of noise for 12 gold pieces
 28757 | Orc:2    | Bought a scroll of enchant armour for 97 gold pieces
 28762 | Orc:2    | Bought an uncursed ring of protection from fire for 250
                  | gold pieces
 29893 | D:13     | Found a shadowy altar of Dithmenos.
 30211 | D:14     | Found a frozen archway.
 30268 | IceCv    | Entered an ice cave
 30937 | IceCv    | Offered knowledge of Iskenderun's Battlesphere by Vehumet.
 31185 | IceCv    | Learned a level 5 spell: Iskenderun's Battlesphere
 31262 | IceCv    | Noticed a frost giant
 31486 | IceCv    | Killed a frost giant
 32289 | D:14     | Reached skill level 12 in Fighting
 32979 | D:13     | Reached skill level 10 in Stealth
 33217 | D:14     | Gained mutation: You regenerate health from kills. [demonic
                  | ancestry]
 33217 | D:14     | Reached XP level 15. HP: 107/121 MP: 6/22
 33268 | D:14     | Found a gate to the Vaults.
 33469 | Lair:1   | Killed Gastronok
 33469 | Lair:1   | Reached skill level 1 in Shields
 33621 | Lair:4   | Killed Sonja the spriggan
 34349 | Lair:5   | Reached skill level 15 in Unarmed Combat
 34478 | Lair:5   | Offered knowledge of Ozocubu's Refrigeration by Vehumet.
 34863 | Lair:5   | Found a runed translucent door.
 35602 | Lair:6   | Entered Level 6 of the Lair of Beasts
 36915 | Lair:6   | Upgraded the game from 0.25-a0-577-ga4619f4 to
                  | 0.25-a0-578-gc91f01c
 37252 | Lair:6   | Found a staircase to the Slime Pits.
 37942 | Lair:6   | Reached skill level 10 in Conjurations
 38727 | Lair:6   | Offered knowledge of Iron Shot by Vehumet.
 39390 | D:15     | Entered Level 15 of the Dungeon
 39736 | D:15     | Found a staircase to the Depths.
 39737 | D:15     | Noticed a fire giant
 40069 | D:15     | Found a basalt altar of Yredelemnul.
 40137 | D:15     | Reached skill level 13 in Fighting
 40137 | D:15     | Reached skill level 5 in Shields
 40583 | D:15     | Got a faintly glowing ruby amulet
 40688 | D:15     | Reached XP level 16. HP: 130/130 MP: 23/23
 41512 | D:15     | Identified the amulet "Tagez" {Reflect rF- rN+ Slay+2 SH+2}
                  | (You found it on level 15 of the Dungeon)
 41781 | Orc:2    | Bought an uncursed ring of protection from magic for 250
                  | gold pieces
 41917 | Shoals:1 | Entered Level 1 of the Shoals
 42943 | Shoals:1 | Offered knowledge of Spellforged Servitor by Vehumet.
 44515 | Shoals:1 | Learned a level 7 spell: Spellforged Servitor
 46988 | Shoals:2 | Noticed Ilsuiw
 47081 | Shoals:2 | Killed Ilsuiw
 48643 | Shoals:2 | Noticed Aizul
 48895 | Shoals:1 | Killed Aizul
 49157 | Shoals:2 | Offered knowledge of Orb of Destruction by Vehumet.
 49161 | Shoals:2 | Reached skill level 14 in Fighting
 50475 | Spider:1 | Entered Level 1 of the Spider Nest
 50926 | Spider:1 | Reached XP level 17. HP: 135/139 MP: 26/26
 51654 | Spider:2 | Identified the +0 tower shield "Obiaca" {rElec rC+ Str+4
                  | Dex+2}
 51654 | Spider:2 | Noticed Louise
 51979 | Spider:1 | Reached skill level 10 in Shields
 52151 | Spider:2 | Killed Louise
 52169 | Spider:2 | Noticed Arachne
 52670 | Spider:1 | Killed Arachne
 54981 | Spider:4 | Entered Level 4 of the Spider Nest
 55584 | Spider:4 | Noticed Agnes
 55585 | Spider:4 | Paralysed by a hornet for 1 turns
 55782 | Spider:4 | Killed Agnes
 55910 | Spider:4 | Reached ****** piety under Vehumet
 56660 | Spider:4 | Paralysed by a hornet for 1 turns
 56688 | Spider:4 | Learned a level 7 spell: Orb of Destruction
 57818 | Spider:4 | Offered knowledge of Glaciate by Vehumet.
 57818 | Spider:4 | Offered knowledge of Chain Lightning by Vehumet.
 57818 | Spider:4 | Offered knowledge of Ignition by Vehumet.
 58511 | Spider:4 | Got a gossamer rune of Zot
 58729 | D:11     | Lost mutation: You sometimes yell uncontrollably at your
                  | foes. [potion of mutation]
 58729 | D:11     | Lost mutation: Your spells are a little harder to cast, but
                  | a little more powerful. [potion of mutation]
 58729 | D:11     | Lost mutation: You have large cloven feet. [potion of
                  | mutation]
 58729 | D:11     | Lost mutation: You occasionally shout uncontrollably at
                  | your foes. [potion of mutation]
 58729 | D:11     | Gained mutation: You are weak. (Str -2) [potion of
                  | mutation]
 58729 | D:11     | Gained mutation: You have an increased reservoir of magic.
                  | (+10% MP) [potion of mutation]
 58729 | D:11     | Lost mutation: You have an increased reservoir of magic.
                  | (+10% MP) [potion of mutation]
 58729 | D:11     | Gained mutation: Your mind is acute. (Int +2) [potion of
                  | mutation]
 59050 | Vaults:1 | Entered Level 1 of the Vaults
 59055 | Vaults:1 | Gained mutation: You are mostly covered in iridescent
                  | scales. (AC +4) [demonic ancestry]
 59055 | Vaults:1 | Reached XP level 18. HP: 148/148 MP: 29/29
 59447 | Vaults:1 | Reached skill level 15 in Fighting
 60444 | Vaults:1 | Noticed Donald
 60506 | Vaults:1 | Killed Donald
 60836 | Vaults:1 | Noticed Asterion
 66472 | Shoals:3 | Noticed Mara
 66483 | Shoals:3 | Killed Mara
 66690 | Shoals:4 | Entered Level 4 of the Shoals
 66690 | Shoals:4 | Identified Roxanne's Incunabulum of Transformation
 66690 | Shoals:4 | Noticed Roxanne
 67919 | Shoals:4 | Gained mutation: You resist negative energy. (rN+) [demonic
                  | ancestry]
 67919 | Shoals:4 | Reached XP level 19. HP: 144/157 MP: 19/31
 69225 | Shoals:4 | Got a barnacled rune of Zot
 69334 | Shoals:4 | Learned a level 5 spell: Silence
 69367 | Shoals:4 | Reached skill level 16 in Fighting
 70032 | Shoals:4 | Identified the +3 halberd of Foolhardiness {drain, rC-
                  | Int+3 Dex+5}
 71048 | Shoals:4 | Learned a level 4 spell: Fulminant Prism
 71103 | Shoals:4 | Killed Roxanne
 71393 | Elf:1    | Entered Level 1 of the Elven Halls
 71510 | Elf:1    | Found Xifoun's Gadget Shop.
 72856 | Elf:1    | Reached skill level 1 in Air Magic
 73408 | Elf:2    | Cast into level 1 of the Abyss (deep elf mage)
 74159 | Abyss:1  | Found a corrupted altar of Lugonu.
 74225 | Abyss:1  | Found a corrupted altar of Lugonu.
 74252 | Elf:2    | Escaped the Abyss
 75131 | Elf:2    | Got a twitching golden ring
 75132 | Elf:2    | Identified the ring of Bokol {Fire +Inv rN+ Str-3} (You
                  | found it on level 2 of the Elven Halls)
 75513 | Elf:2    | Reached skill level 10 in Hexes
 75679 | Elf:2    | Reached skill level 15 in Shields
 75698 | Elf:2    | Reached skill level 1 in Summonings
 75900 | Elf:2    | Found a runed translucent gate.
 75900 | Elf:2    | Found a runed translucent gate.
 75906 | Elf:2    | Found a runed translucent gate.
 75948 | Elf:3    | Entered Level 3 of the Elven Halls
 77246 | Elf:3    | Reached XP level 20. HP: 166/166 MP: 32/32
 77247 | Elf:3    | Identified the quicksilver dragon scales of Submission {MR+
                  | Int+4}
 77415 | Elf:3    | Identified the +4 broad axe of True Grit {drain, +Rage MR-
                  | Int+4 Stlth+}
 77415 | Elf:3    | Identified the ring "Epsij" {+Fly Str+3}
 77662 | Elf:3    | Identified the +8 hand axe "Ylyehav" {vorpal, Str+3 Int-2
                  | SInv}
 77704 | Elf:3    | Reached skill level 5 in Air Magic
 78696 | Elf:3    | Identified the amulet of the Ban {rElec MR+ Regen+ Int+3
                  | Stlth+} (You acquired it on level 3 of the Elven Halls)
 78978 | Elf:3    | Identified the cursed +3 battleaxe "Wigoisag" {vorpal,
                  | rPois}
 79214 | Elf:3    | Reached skill level 17 in Fighting
 79214 | Elf:3    | Reached skill level 5 in Summonings
 79467 | Elf:3    | Found the amulet of the Air {Inacc +Fly rElec EV+5 RMsl}
 79866 | Vaults:1 | Killed Asterion
 82027 | Vaults:2 | Found a staircase to the Crypt.
 83155 | Vaults:3 | Gained mutation: You are completely covered in iridescent
                  | scales. (AC +6) [demonic ancestry]
 83155 | Vaults:3 | Reached XP level 21. HP: 175/175 MP: 31/33
 83317 | Vaults:3 | You are sucked into a shaft and drop 1 floor!
 84628 | Vaults:3 | Reached skill level 10 in Summonings
 86266 | Depths:1 | Entered Level 1 of the Depths
 86473 | D:15     | Reached skill level 18 in Fighting
 87687 | Depths:1 | Found a gateway to Hell.
 88441 | Depths:2 | Found a gateway to a ziggurat.
 88481 | Depths:2 | Found a one-way gate leading to the halls of Pandemonium.
 88511 | Depths:2 | Gained mutation: You have claws for hands. [demonic
                  | ancestry]
 88511 | Depths:2 | Reached XP level 22. HP: 181/184 MP: 20/35
 90153 | Depths:3 | Identified the ring "Irilienutz" {rN+ Str+2 Int+3}
 90462 | Depths:3 | Identified the +4 scimitar of the Puffball {vorpal, Stlth+}
 90636 | Depths:3 | Identified the Handbook of Earthen Intoxication
 90664 | Depths:3 | Got an ancient marble ring
 90665 | Depths:3 | Identified the ring of the Moon {Ice rN+ Int+2 Dex+4} (You
                  | found it on level 3 of the Depths)
 90667 | Depths:3 | Identified Okinwaxt's Papyrus of Weightlessness
 90672 | Depths:3 | Learned a level 2 spell: Swiftness
 91008 | Depths:3 | Learned a level 8 spell: Necromutation
 91357 | Depths:3 | Found the +7 mace of Variability {chain chaos}
 91454 | Depths:3 | Reached skill level 15 in Conjurations
 91576 | Depths:3 | Noticed a caustic shrike
 91615 | Depths:3 | Killed a caustic shrike
 92012 | Depths:3 | Reached skill level 10 in Spellcasting
 92225 | Depths:3 | Noticed a golden dragon
 92280 | Depths:3 | Noticed a caustic shrike
 92309 | Depths:3 | Killed a caustic shrike
 92680 | Depths:3 | Noticed a juggernaut
 92708 | Depths:3 | Killed a juggernaut
 92708 | Depths:3 | Reached skill level 19 in Fighting
 92897 | Depths:3 | Killed a golden dragon
 93327 | Depths:3 | Identified the Almanac of Conjuration and Dislocation
 93346 | Depths:3 | Got a transparent gossamer ring
 93347 | Depths:3 | Identified the ring "Gyng" {rC+++ MR- AC+2 Dex+5} (You
                  | found it on level 3 of the Depths)
 93538 | Depths:3 | Noticed a juggernaut
 93675 | Depths:3 | Killed a juggernaut
 93961 | Depths:3 | Found a portal to a secret trove of treasure.
 94420 | Orc:2    | Bought an uncursed ring of resist corrosion for 200 gold
                  | pieces
 95041 | Depths:3 | You paid a toll of +2 gold dragon scales to enter a
                  | treasure trove
 95042 | Trove    | Entered a treasure trove
 95341 | Depths:4 | Found the +5 scythe "Finisher" {speed, eviscerate}
 95384 | Depths:4 | Reached skill level 1 in Necromancy
 95493 | Depths:3 | Reached skill level 1 in Transmutations
 95842 | Depths:4 | Noticed Saint Roka
 95893 | Depths:4 | Killed Saint Roka
 95893 | Depths:4 | Reached XP level 23. HP: 115/196 MP: 37/37
 95996 | Depths:4 | Reached skill level 20 in Fighting
 96111 | Depths:4 | You are sucked into a shaft and drop 1 floor!
 96111 | Depths:5 | Entered Level 5 of the Depths
 96111 | Depths:5 | Found Feutian's Gadget Emporium.
 96111 | Depths:5 | Found Wezxom's Assorted Antiques.
 96145 | Depths:5 | Bought a potion of curing for 111 gold pieces
 96713 | Depths:4 | Found a one-way gate to the infinite horrors of the Abyss.
 96775 | Depths:4 | Noticed a juggernaut
 96951 | Depths:4 | Identified the cursed +1 mace of Ixtasy {protect, Int+6
                  | Dex+3}
 96977 | Depths:4 | Noticed a juggernaut
 96991 | Depths:4 | Killed a juggernaut
 97101 | Depths:4 | Killed a juggernaut
 97344 | Depths:4 | Reached skill level 5 in Necromancy
 97505 | Depths:4 | Found Bebaxzye's Jewellery Shoppe.
 97505 | Depths:4 | Found Puanlox's Gadget Shop.
 97506 | Depths:4 | Found Sepamok's Jewellery Shoppe.
 98221 | Depths:5 | Found a glowing golden altar of the Shining One.
 98691 | Depths:5 | Found a gate to the Realm of Zot.
 99905 | Depths:5 | Reached skill level 5 in Dodging
100689 | Crypt:1  | Entered Level 1 of the Crypt
100911 | Crypt:1  | Found a runed translucent gate.
100912 | Crypt:1  | Found a runed translucent gate.
100933 | Crypt:1  | Found a runed translucent gate.
100936 | Crypt:1  | Noticed Zoalos's ghost (veteran GrEE)
100946 | Crypt:1  | You are sucked into a shaft and drop 1 floor!
101007 | Crypt:2  | Noticed a greater mummy
101155 | Crypt:2  | Noticed Khufu
101189 | Crypt:2  | Killed Khufu
101189 | Crypt:2  | Reached skill level 5 in Transmutations
101796 | Crypt:1  | Got a pitted marble ring
101798 | Crypt:1  | Identified the ring of Faurooh {+Fly Str-5 Int+4 Slay+2
                  | Stlth+} (You found it on level 1 of the Crypt)
101890 | Crypt:1  | Gained mutation: A meltable icy envelope protects you from
                  | harm. (AC +10) [demonic ancestry]
101890 | Crypt:1  | Reached XP level 24. HP: 206/206 MP: 38/38
102422 | Crypt:2  | Noticed Boris
102635 | Crypt:3  | Entered Level 3 of the Crypt
102932 | Crypt:3  | Reached skill level 21 in Fighting
102982 | Crypt:3  | Learned a level 6 spell: Invisibility
103220 | Crypt:3  | Reached skill level 10 in Necromancy
103441 | Crypt:3  | Identified the amulet of Mesynepn {rF++ rC+ Regen+ SInv}
103777 | Crypt:3  | Identified the amulet of Korucois {rPois Regen+ Int+4}
103800 | Crypt:3  | Found a basalt altar of Yredelemnul.
103808 | Crypt:3  | Noticed a greater mummy
103819 | Crypt:3  | Found an ancient bone altar of Kikubaaqudgha.
103888 | Crypt:3  | Killed a greater mummy
103909 | Crypt:3  | Found the ring of the Octopus King
103915 | Crypt:3  | Identified the Reference Book on Unholy Arts
103925 | Crypt:3  | Got a ring of the Octopus King
103927 | Crypt:3  | Identified a ring of the Octopus King {MP+9 AC+1 EV+1 Str+1
                  | Int+1 Dex+1} (You found it on level 3 of the Crypt)
103949 | Crypt:3  | Identified the ring "Puymaump" {rN+ Str+10 Int-4 Dex+4
                  | Stlth-} (You found it on level 3 of the Crypt)
104460 | Crypt:3  | Noticed Jory
104545 | Crypt:3  | Killed Jory
104645 | Crypt:3  | Found a staircase to the Tomb.
104845 | Crypt:3  | Noticed Sojobo
104865 | Crypt:3  | Killed Sojobo
105093 | Crypt:3  | Identified the cursed +3 quarterstaff "Xoyxasow" {pain,
                  | MP+9 Str+2}
105272 | Vaults:5 | Entered Level 5 of the Vaults
105320 | Vaults:5 | HP: 3/208 [vault warden/+2 glaive of venom (26)]
105321 | Vaults:5 | Slain by a vault warden

Levels and vault maps discovered:
D:1:      lemuel_arrival_tunnels, layout_basic, minmay_tripent
D:2:      layout_rooms, overflow_temple_1_default
D:3:      kennysheep_six_static_rooms, layout_basic,
          nicolae_overflow_hidden_temple, first_ration
D:4:      minmay_spotlight, layout_loops_ring, dancing_weapons_uskayaw,
          nicolae_ossuary_entry_ruins
D:5:      layout_rooms, dk_yredelemnul_ordeal, uniq_ijyb
D:6:      layout_layer_cave, corexii_shack, uniq_eustachio, uniq_sigmund,
          uniq_grinder, uniq_maggie
D:7:      layout_gridville, temple_statues, serial_shops, kennysheep_mini_moat,
          shop, nicolae_shop_waterfront, basic_altar
D:8:      minmay_the_grid_triangle_9x9_recursive_2
          [minmay_the_grid_triangle_9x9_prize_insulated,
          minmay_the_grid_triangle_9x9_stretched_checkered,
          minmay_the_grid_triangle_9x9_impossible_snake,
          minmay_the_grid_triangle_9x9_subtriangle], layout_basic, serial_shops,
          nicolae_shop_behind_doors
D:9:      layout_small_grid, lemuel_crystal_altar, the_bakery, tgw_kikubaaqudgha
D:10:     layout_basic, kennysheep_generic_room_15
D:11:     minmay_mutant_horseshoe, layout_cave_pods, erik_lair_island,
          uniq_snorg, uniq_maurice
D:12:     layout_rooms, orc_0_dummy, basic_altar, uniq_frances
D:13:     layout_gridville, grunt_dithmenos_shadows
D:14:     layout_roguey, ximxim_vaults_locker_room,
          portal_ice_cave_entry_pillars_2, serial_bayou_pond_e
D:15:     grunt_enter_depths_giant_problem, layout_long_grid,
          lemuel_crystal_altar, serial_park_tiny_2, kb_rosetta
Temple:   dpeg_five_rooms_temple
Lair:1:   layout_roguey [special_room_bee], grunt_forest_stairs_basic,
          serial_bayou_shore_a, uniq_joseph, uniq_gastronok
Lair:2:   layout_regular_city, minmay_shoals_entry_lonely_mermaid,
          minmay_lair_oklob_items
Lair:3:   layout_gridlike, nicolae_spider_entry_orb_guardian, lemuel_fruit_tree,
          grunt_megastairs_5, serial_bayou_shore_b, uniq_urug
Lair:4:   layout_gridlike, enter_volcano_4, cheibrodos_lair_lostbears,
          minmay_lair_oklob_chamber, lemuel_fruit_fields, uniq_sonja
Lair:5:   gammafunk_mikee_crab_dinner, layout_loops_ring
Lair:6:   hangedman_lair_in_review, layout_long_grid, dpeg_slime_entry_corner,
          worms_lemuel
Shoals:1: layout_shoals, nicolae_shoals_water_elemental_grotto
Shoals:2: layout_shoals, uniq_aizul, uniq_ilsuiw
Shoals:3: layout_shoals, uniq_mara
Shoals:4: shoals_end_hangedman, layout_shoals, uniq_roxanne
Spider:1: layout_spider_delve
Spider:2: layout_spider_delve, spiders_nest_hornet_nest, uniq_louise,
          uniq_arachne
Spider:3: layout_chambers
Spider:4: johnstein_spider_rune_arachne_lair, uniq_agnes
Orc:1:    layout_diamond_mine, basic_altar, serial_shops, shop, uniq_josephine
Orc:2:    grunt_orc_tribal_feast, layout_diamond_mine, statue_in_the_mist_lemuel
Elf:1:    layout_gridlike, serial_shops, nicolae_shop_crystal,
          hangedman_corner_corridor
Elf:2:    layout_geoelf_octagon
Elf:3:    elf_hall, layout_loops_cross, minmay_curled_crystal,
          grunt_ministairs_10
Vaults:1: ontoclasm_vaults_ring_large, vaults_room_stairs_pillars,
          nicolae_vaults_specimen_jars, v_misc_25, nicolae_vaults_murderbox,
          v_misc_2, vaults_dpeg_ring, grunt_vaults_hallway_long, v_misc_4,
          nicolae_vaults_back_hallway, grunt_vaults_twisty,
          nicolae_vaults_asterisk, nicolae_vaults_shelves_hall,
          layout_vaults_omnibox, uniq_donald, uniq_asterion
Vaults:2: ontoclasm_vaults_pinch, v_misc_14, nicolae_vaults_alarming,
          minmay_crypt_entry_skeletal_spiral, v_pattern_3, grunt_vaults_bifocal,
          layout_vaults_omnigrid
Vaults:3: v_misc_4, ontoclasm_vaults_ring_square, hangedman_vaults_stagger,
          ontoclasm_vaults_loading_screen, nicolae_vaults_gold_heap,
          nicolae_vaults_mini_display_case, layout_vaults_omnicross
Vaults:4: v_misc_12, v_misc_19, ontoclasm_vaults_twist, ontoclasm_vaults_shout,
          v_misc_17, ontoclasm_vaults_idyll, ontoclasm_vaults_chip,
          nicolae_vaults_border_crossing, nicolae_vaults_what_the_h,
          vaults_mumra_hexcomb, layout_vaults_maze
Vaults:5
Crypt:1:  layout_regular_city, gammafunk_ghost_spectres, st_stairs_8,
          nicolae_crypt_ancient_font, grunt_megastairs_4,
          grunt_crypt_arrival_webbed
Crypt:2:  layout_rooms, uniq_boris, uniq_khufu
Crypt:3:  lightli_unholy_cathedral, layout_chaotic_city,
          tomb_entry_sphere_bobbens, uniq_sojobo, uniq_jory
Depths:1: layout_gridlike, hangedman_tar_grid_catacomb,
          serial_sigils_hangedman_stare, st_stairs_5,
          kennysheep_generic_room_16, firewood_loft, serial_bayou_shore_b,
          infiniplex_staircase_pool_lava
Depths:2: minmay_spriggan_fort, layout_gridlike, enter_ziggurat_e,
          grunt_pan_entry_zigzag, hangedman_abyss_or_decor_passed, hell_entry
Depths:3: angbandy_vault, layout_small_grid, trove_entry_hex_spiral,
          kennysheep_cross_bottleneck, hell_entry, rand_demon_pan_entry_9,
          minmay_fire_ice_demons
Depths:4: minmay_stepped, layout_cave_shapes, minmay_misc_feat_square,
          pf_vacation_house_of_asmodeus, abyss_entry, serial_bayou_lake_a,
          minmay_shop_grove, infiniplex_staircase_pillars_3a,
          kennysheep_random_hallway, uniq_saint_roka
Depths:5: grunt_twist_and_shout, layout_basic, hangedman_decor_peaks_small,
          minmay_room_of_horrors, hell_entry, tso_metal_star, minmay_shoptagon

Skill      XL: |  1  2  3  4  5  6  7  8  9 10 11 12 13 14 15 16 17 18 19 20 21 22 23 24 |
---------------+-------------------------------------------------------------------------+-----
Polearms       | 2 3 |  3.5
Charms         | 3 4 5 6 |  6.1
Hexes          | 1 2 5 7 9 10 | 10.0
Fighting       | 3 4 5 7 8 9 10 11 12 13 14 15 16 17 18 19 20 21 | 21.0
Unarmed Combat | 1 3 4 6 8 9 10 12 13 14 16 17 18 | 18.0
Spellcasting   | 3 4 5 6 7 8 9 10 11 | 11.9
Conjurations   | 2 5 7 9 10 11 12 14 15 | 15.0
Stealth        | 2 5 7 8 10 | 10.0
Earth Magic    | 2 5 |  5.0
Shields        | 5 9 11 13 15 | 15.0
Air Magic      | 4 5 |  5.0
Summonings     | 2 8 10 | 10.0
Dodging        | 2 5 7 |  7.5
Necromancy     | 2 8 11 | 11.6
Transmutations | 2 5 7 |  7.0
Armour         | |  0.8

Action                   |  1- 3 |  4- 6 |  7- 9 | 10-12 | 13-15 | 16-18 | 19-21 | 22-24 || total
-------------------------+-------+-------+-------+-------+-------+-------+-------+-------++-------
Melee: Spear             |   101 |   219 |   245 |       |       |       |       |       ||   565
       Unarmed           |     1 |     4 |   172 |   976 |  2040 |  1953 |  2261 |  1987 ||  9394
       Punch             |       |     2 |     6 |    47 |   143 |    18 |       |       ||   216
       Kick              |       |       |    33 |   253 |   158 |       |       |       ||   444
 Cast: Infusion          |    15 |     5 |     8 |    19 |       |       |       |       ||    47
       Spectral Weapon   |       |     1 |    27 |       |       |       |       |       ||    28
       Ozocubu's Armour  |       |       |     4 |    47 |    67 |    22 |    10 |    20 ||   170
       Stone Arrow       |       |       |       |    60 |   117 |   329 |    25 |       ||   531
       Confusing Touch   |       |       |       |    36 |   127 |   126 |    45 |    15 ||   349
       Tukima's Dance    |       |       |       |       |    13 |    84 |    63 |    48 ||   208
       Song of Slaying   |       |       |       |       |     6 |       |       |       ||     6
       Iskenderun's Batt |       |       |       |       |    14 |    24 |     3 |       ||    41
       Orb of Destructio |       |       |       |       |       |     5 |    73 |    40 ||   118
       Silence           |       |       |       |       |       |       |    66 |    22 ||    88
       Fulminant Prism   |       |       |       |       |       |       |    11 |       ||    11
       Spellforged Servi |       |       |       |       |       |       |    43 |    81 ||   124
       Invisibility      |       |       |       |       |       |       |       |     3 ||     3
 Abil: Stop Flying       |       |       |       |       |       |     1 |     2 |     1 ||     4
       Evoke Flight      |       |       |       |       |       |     1 |     2 |     1 ||     4
Evoke: Wand              |       |       |     2 |    28 |     6 |    10 |     2 |     1 ||    49
  Use: Scroll            |     2 |     6 |    14 |     9 |    13 |    16 |    15 |    19 ||    94
       Potion            |       |     1 |     8 |     4 |     4 |    30 |     7 |    11 ||    65
 Stab: Sleeping          |     1 |       |       |    13 |    20 |    55 |    77 |    36 ||   202
       Distracted        |       |       |     4 |       |     2 |     4 |    14 |    14 ||    38
       Invisible         |       |       |     2 |       |       |     4 |       |     8 ||    14
       Confused          |       |       |       |    20 |    88 |   115 |    37 |    14 ||   274
  Eat: Chunk             |     2 |     5 |    16 |    38 |    59 |    69 |   121 |    62 ||   372
       Ration            |       |     1 |     2 |     4 |     7 |     9 |     8 |    16 ||    47
Armor: Leather armour    |    15 |       |       |       |       |       |       |       ||    15
       Ring mail         |    23 |    46 |    80 |       |       |       |       |       ||   149
       Skin              |       |     3 |    15 |       |       |       |       |       ||    18
       Steam dragon scal |       |       |    43 |   396 |   857 |   736 |   625 |   628 ||  3285
Dodge: Dodged            |    67 |    65 |   206 |   477 |  1037 |   970 |   639 |   525 ||  3986
Block: Kite shield       |       |       |       |       |       |   974 |  1203 |  1263 ||  3440

Table legend:
 A = Non-vault XP
 B = Vault XP
 C = Vault XP percentage of total XP
 D = Non-vault monster count
 E = Vault monster count
 F = Vault count percentage of total count
                 A         B        C        D         E       F
            +---------+---------+-------+---------+---------+-------
      Total |  618635 |  476075 |  43.5 |    1554 |     690 |  30.7
            +---------+---------+-------+---------+---------+-------
        D:1 |      23 |       4 |  14.8 |      15 |       2 |  11.8
        D:2 |      75 |       0 |   0.0 |      17 |       0 |   0.0
        D:3 |      92 |      52 |  36.1 |      32 |       6 |  15.8
        D:4 |     689 |      92 |  11.8 |      26 |       2 |   7.1
        D:5 |     690 |     244 |  26.1 |      16 |       4 |  20.0
        D:6 |     691 |    1098 |  61.4 |      21 |       4 |  16.0
        D:7 |     542 |       0 |   0.0 |      24 |       0 |   0.0
        D:8 |    1089 |    1221 |  52.9 |      13 |      12 |  48.0
        D:9 |    1941 |     220 |  10.2 |      20 |       1 |   4.8
       D:10 |    3823 |     328 |   7.9 |      37 |       2 |   5.1
       D:11 |    5884 |    3328 |  36.1 |      20 |      12 |  37.5
       D:12 |    5306 |    3914 |  42.5 |      39 |       5 |  11.4
       D:13 |    9205 |     957 |   9.4 |      43 |       2 |   4.4
       D:14 |   19743 |    3444 |  14.9 |      64 |      10 |  13.5
       D:15 |   26838 |    3068 |  10.3 |      67 |       5 |   6.9
     Lair:1 |    4427 |    4703 |  51.5 |      19 |      27 |  58.7
     Lair:2 |    9630 |     696 |   6.7 |      36 |       3 |   7.7
     Lair:3 |    1324 |    1786 |  57.4 |       8 |       4 |  33.3
     Lair:4 |    5364 |    3021 |  36.0 |      13 |       9 |  40.9
     Lair:5 |   11787 |     849 |   6.7 |      41 |       1 |   2.4
     Lair:6 |    7366 |   11094 |  60.1 |      24 |      25 |  51.0
   Shoals:1 |   20328 |    2544 |  11.1 |      45 |       5 |  10.0
   Shoals:2 |   19168 |    3686 |  16.1 |      40 |       4 |   9.1
   Shoals:3 |   12340 |    8038 |  39.4 |      23 |       2 |   8.0
   Shoals:4 |   10556 |   22206 |  67.8 |      25 |      27 |  51.9
   Spider:1 |   16602 |    3692 |  18.2 |      51 |       1 |   1.9
   Spider:2 |    9649 |    1182 |  10.9 |      27 |       1 |   3.6
   Spider:3 |   11710 |    1450 |  11.0 |      28 |       5 |  15.2
   Spider:4 |    3132 |   31159 |  90.9 |       7 |      62 |  89.9
      Orc:1 |    1505 |      26 |   1.7 |      16 |       1 |   5.9
      Orc:2 |    4994 |    7855 |  61.1 |      37 |      29 |  43.9
      Elf:1 |   16427 |    3219 |  16.4 |      29 |       6 |  17.1
      Elf:2 |   23022 |    3286 |  12.5 |      46 |       2 |   4.2
      Elf:3 |   13655 |   40792 |  74.9 |      21 |      28 |  57.1
   Vaults:1 |   36548 |   15706 |  30.1 |      83 |      26 |  23.9
   Vaults:2 |   42610 |   12743 |  23.0 |      81 |      27 |  25.0
   Vaults:3 |   28983 |    9470 |  24.6 |      54 |       9 |  14.3
   Vaults:4 |   23005 |   31021 |  57.4 |      36 |      48 |  57.1
    Crypt:1 |   16341 |    6642 |  28.9 |      20 |      12 |  37.5
    Crypt:2 |   12258 |   10026 |  45.0 |      23 |       4 |  14.8
    Crypt:3 |   33504 |   59932 |  64.1 |      44 |      45 |  50.6
   Depths:1 |   31478 |    4271 |  11.9 |      53 |       6 |  10.2
   Depths:2 |    9752 |   13255 |  57.6 |      19 |      37 |  66.1
   Depths:3 |   21286 |   76092 |  78.1 |      38 |      60 |  61.2
   Depths:4 |   28945 |   32136 |  52.6 |      43 |      27 |  38.6
   Depths:5 |   46279 |   22825 |  33.0 |      53 |      27 |  33.8
    Abyss:1 |    8029 |       0 |   0.0 |      17 |       0 |   0.0
    Ossuary |       0 |     233 | 100.0 |       0 |      13 | 100.0
      IceCv |       0 |    9642 | 100.0 |       0 |      36 | 100.0
    Volcano |       0 |    2827 | 100.0 |       0 |       4 | 100.0
            +---------+---------+-------+---------+---------+-------
